 Dungeon Crawl Stone Soup version 0.31.0-11-ge490571c62 (webtiles) character file.

Game seed: 3594857808608032955

17564 RancidPinata the Covert (level 12, -4/88 HPs)
             Began as an Octopode Delver on Feb 2, 2024.
             Was a Believer of Ru.
             Slain by a komodo dragon (20 damage)
             ... on level 1 of the Lair of Beasts on Feb 3, 2024.
             The game lasted 01:10:32 (17088 turns).

RancidPinata the Covert (Octopode Delver)          Turns: 17088, Time: 01:10:32

Health: -4/88      AC:  8    Str: 25    XL:     12   Next: 49%
Magic:  12/12      EV: 20    Int: 13    God:    Ru [**....]
Gold:   762        SH: 10    Dex: 22    Spells: 11/11 levels left

rFire   + + .        o - +4 dagger (protect)
rCold   . . .        J - +0 kite shield of the Trees {Str+2}
rNeg    . . .        (helmet restricted)
rPois   .            O - amulet "Quurany" {Acrobat rF++ Dex+4}
rElec   .            t - +6 ring of strength
rCorr   .            H - +6 ring of strength
SInv    .            (no ring)
Will    .....        (no ring)
Stlth   +++++++      (no ring)
HPRegen 0.34/turn    (no ring)
MPRegen 0.13/turn    (no ring)
                     (no ring)

%: acrobat
@: about to teleport, under a protective aura, studying Long Blades
A: almost no armour, amphibious, 8 rings, camouflage 1, gelatinous body 1, no
conjurations magic, no earth magic, no alchemy magic, unskilled 1, (nimble
swimmer 1), tentacles, no forms
a: Renounce Religion


You were on level 1 of the Lair of Beasts.
You worshipped Ru.
Ru was pleased with you.
You visited 2 branches of the dungeon, and saw 13 of its levels.

You collected 762 gold pieces.

Inventory:

Hand Weapons
 a - a +0 short sword
 m - a +0 short sword of venom
 o - a +4 dagger of protection (weapon)
 u - a +0 rapier
 G - a +2 vampiric rapier
Missiles
 g - 2 curare-tipped darts
 j - 103 stones (quivered)
 n - 5 boomerangs
 s - 30 poisoned darts
 K - 2 javelins
Armour
 J - the +0 kite shield of the Trees (worn) {Str+2}
   (You found it on level 11 of the Dungeon)

   Str+2:     It affects your strength (+2).
Jewellery
 t - a +6 ring of strength (left tentacle)
 v - an amulet of magic regeneration
 H - a +6 ring of strength (right tentacle)
 I - an amulet of guardian spirit
 N - an amulet of reflection
 O - the amulet "Quurany" (around mantle) {Acrobat rF++ Dex+4}
   (You took it off a kobold demonologist on level 7 of the Dungeon)

   [amulet of the acrobat]

   Acrobat:   It increases your evasion while moving and waiting.
   Dex+4:     It affects your dexterity (+4).
   rF++:      It greatly protects you from fire.
 P - the ring "Hets" {Fire rElec Str-4 Int+2 Dex+3}
   (You found it on level 7 of the Dungeon)

   [ring of fire]

   Fire:      It enhances your fire magic.
   Str-4:     It affects your strength (-4).
   Int+2:     It affects your intelligence (+2).
   Dex+3:     It affects your dexterity (+3).
   rF+:       It protects you from fire.
   rC-:       It makes you vulnerable to cold.
   rElec:     It insulates you from electricity.
 Q - the amulet "Foivinorgh" {RegenMP MP+9 Str+3}
   (You found it on level 7 of the Dungeon)

   [amulet of magic regeneration]

   RegenMP:   It increases your rate of magic regeneration.
   Str+3:     It affects your strength (+3).
   MP+9:      It affects your magic capacity (+9).
 R - the amulet of Moral Flaws {Reflect rC+ Will- SH+5 Stlth+}
   (You found it on level 7 of the Dungeon)

   [amulet of reflection]

   Reflect:   It reflects blocked missile attacks.
   rC+:       It protects you from cold.
   Will-:     It decreases your willpower.
   SH+5:      It affects your SH (+5).
   Stlth+:    It makes you more stealthy.
Wands
 f - a wand of digging (3)
 l - a wand of flame (32)
 w - a wand of charming (37)
 A - a wand of light (17)
 F - a wand of roots (5)
 M - a wand of polymorph (10)
Scrolls
 b - 2 scrolls of fog
 c - 3 scrolls of revelation
 i - 3 scrolls of blinking
 q - a scroll of immolation
 r - 3 scrolls of enchant weapon
 x - 2 scrolls of butterflies
 y - a scroll of vulnerability
 C - 2 scrolls of teleportation
Potions
 d - 3 potions of attraction
 e - a potion of ambrosia
 h - a potion of magic
 k - 7 potions of mutation
 p - a potion of cancellation
 z - 3 potions of enlightenment
 D - a potion of invisibility
 E - a potion of curing {unknown}


   Skills:
 * Level 10.3 Fighting
 + Level 7.6 Short Blades
 * Level 10.0 Dodging
 + Level 14.4 Stealth
 + Level 3.0 Shields


You had 11 spell levels left.
You didn't know any spells.
Your spell library contained the following spells:

 Spells                   Type           Power      Damage    Failure   Level
 Lesser Beckoning         Tloc           0%         N/A       69%         2
 Gell's Gravitas          Tloc           0%         N/A       89%         3
 Teleport Other           Tloc           0%         N/A       89%         3
 Plasma Beam              Fire/Air       0%         2x1d10    100%        6
 Foxfire                  Conj/Fire      Unusable   2x1d4     N/A         1
 Starburst                Conj/Fire      Unusable   6d3       N/A         6

Dungeon Overview and Level Annotations

Branches:
Dungeon (12/15)            Temple (0/1) D:7            Lair (1/5) D:8
    Orc: D:9-12

Altars:
Ashenzari
Cheibriados
Dithmenos
Elyvilon
Fedhas
Gozag
Hepliaklqana
Kikubaaqudgha
Makhleb
Nemelex Xobeh
Okawaru
Qazlal
Ru
Sif Muna
Trog
Uskayaw
Vehumet
Wu Jian
Xom
Zin
The Shining One
Jiyva

Shops:
D:3 (

Annotations:
D:7 3 runed translucent doors, greynaab's ghost, novice DEBe


Innate Abilities, Weirdness & Mutations

You cannot wear most types of armour.
You are amphibious.
You can wear up to eight rings at the same time.
Your skin changes colour to match your surroundings (Stealth+).
Your rubbery body absorbs attacks. (AC +1, EV +1)
You cannot study or cast Conjurations magic.
You cannot study or cast Earth magic.
You cannot study or cast Alchemy magic.
You are somewhat unskilled. (-1 Apt)
((You are camouflaged when in or above water. (Stealth+)))
You have tentacles for arms and can constrict up to eight enemies at once.
You cannot voluntarily change form.


Message History

You block the elephant's attack. The elephant barely misses you.
You barely miss the elephant.
The elephant is severely wounded.
The elephant misses you.
The elephant trunk-slaps you but does no damage.
You hit the elephant but do no damage. You squeeze the elephant!
The elephant is almost dead.
You hit the elephant but do no damage.
The elephant is almost dead.
The elephant tramples you.
You hold your ground!
The elephant barely misses you.
You barely miss the elephant.
The elephant is almost dead.
The elephant tramples you!
You stumble backwards!
You hit the elephant but do no damage.
You tentacle-slap the elephant, but do no damage.
You squeeze the elephant!
You kill the elephant!
Your Dodging skill increases to level 10!
Your Shields skill increases to level 3!
You block the komodo dragon's attack.
You hit the komodo dragon but do no damage.
You squeeze the komodo dragon!
The komodo dragon is lightly wounded.
You block the komodo dragon's attack.
You hit the komodo dragon but do no damage.
The komodo dragon is lightly wounded.
The komodo dragon bites you!!
* * * LOW HITPOINT WARNING * * *
It was a potion of heal wounds.
You feel much better. The komodo dragon closely misses you.
As you read the scroll of teleportation, it crumbles to dust.
You feel strangely unstable. The komodo dragon bites you!!
* * * LOW HITPOINT WARNING * * *
You hit the komodo dragon. You squeeze the komodo dragon.
The komodo dragon is moderately wounded.
You barely miss the komodo dragon. Your squeeze misses the komodo dragon.
The komodo dragon is moderately wounded.
The komodo dragon bites you!!
You die...

#.#.#.##.....#÷#########
#......................#
#.####.##.......##.####.#
###......###### ####..>#
###Y# #Y# #l## #@P# #.##
#........ #..♣♣##♣# ♣..♣
♣..# ♣#.. #. #.


You could see an elephant, a komodo dragon and a yak.

Vanquished Creatures
  4 two-headed ogres
  A deep elf pyromancer (D:8)
  An ugly thing (D:7)
  An elephant (Lair:1)
  3 cyclopes
  A kobold demonologist (D:7)
  A komodo dragon (D:11)
  A hornet (D:8)
  3 blink frogs (Lair:1)
  Grinder (D:5)
  A polar bear (Lair:1)
  A slime creature (D:7)
  Sigmund (D:2)
  2 shadows
  4 wyverns
  13 yaks
  The ghost of gdog the Covert, an amateur GnDe (D:3)
  A vampire (D:10)
  3 wraiths
  3 vampire mosquitoes
  4 steam dragons
  2 basilisks
  Edmund (D:6)
  5 water moccasins
  Duvessa (D:5)
  3 orc warriors
  2 ice beasts
  4 black bears
  6 centaurs
  3 ogres
  5 phantoms
  7 kobold brigands
  13 bullfrogs
  3 gnoll sergeants
  7 scorpions
  4 wights
  Dowan (D:5)
  10 killer bees
  2 howler monkeys
  2 bombardier beetles
  An orc priest (D:8)
  3 hounds
  4 jellies (D:9)
  2 gnoll boudas
  Crazy Yiuf (D:2)
  Jessica (D:3)
  An iguana (D:4)
  A sleepcap (D:5)
  3 orc wizards
  15 gnolls
  8 adders
  A shadow imp (D:8)
  2 white imps
  2 ribbon worms
  5 dart slugs
  27 orcs
  3 bats
  4 endoplasms
  6 goblins
  6 hobgoblins
  5 jackals
  3 quokkas
  7 ball pythons
  2 frilled lizards
  21 kobolds
  3 rats
  A spectral orc (D:10)
  3 butterflies (Lair:1)
273 creatures vanquished.

Vanquished Creatures (others)
  Joseph (D:7)
  A yak (D:9)
  A hound (D:6)
  An orc wizard (D:8)
  A gnoll (D:3)
5 creatures vanquished.

Grand Total: 278 creatures vanquished

Notes
Turn   | Place    | Note
-------+----------+-------------------------------------------
     0 | D:5      | RancidPinata the Octopode Delver began the quest for the
                  | Orb.
     0 | D:5      | Reached XP level 1. HP: 16/16 MP: 1/1
     1 | D:6      | Found a hide-covered altar of Uskayaw.
     2 | D:6      | Noticed a scorpion
    44 | D:6      | Noticed a bullfrog
    48 | D:6      | Noticed Edmund
   149 | D:6      | Reached XP level 2. HP: 21/21 MP: 2/2
   182 | D:7      | Noticed a phantom
   243 | D:6      | Noticed a scorpion
   260 | D:6      | Reached skill level 7 in Stealth
   260 | D:6      | Reached XP level 3. HP: 26/26 MP: 3/3
   319 | D:7      | Noticed Joseph
   355 | D:7      | Found a shadowy altar of Dithmenos.
   355 | D:7      | Noticed a phantom
   355 | D:7      | Noticed a scorpion
   479 | D:6      | Found a sacrificial altar of Ru.
   484 | D:6      | Became a worshipper of Ru the Awakened
   537 | D:6      | Noticed an ogre
   604 | D:5      | Found an iron altar of Okawaru.
   627 | D:5      | Noticed Duvessa
   641 | D:4      | Noticed an ogre
   727 | D:4      | Found an opulent altar of Gozag.
   730 | D:4      | Reached XP level 4. HP: 31/31 MP: 4/4
   809 | D:5      | Noticed Dowan
   809 | D:5      | Noticed a water moccasin
   810 | D:5      | Killed a water moccasin
   811 | D:5      | Reached XP level 5. HP: 37/37 MP: 5/5
   860 | D:4      | Found a white marble altar of Elyvilon.
   860 | D:4      | Found a glowing golden altar of the Shining One.
   860 | D:4      | Found a glowing silver altar of Zin.
   976 | D:3      | Reached XP level 6. HP: 41/43 MP: 6/6
  1001 | D:3      | Noticed Jessica
  1040 | D:3      | Killed Jessica
  1088 | D:3      | Found a transporter.
  1098 | D:3      | Found a transporter.
  1098 | D:3      | Noticed gdog's ghost (amateur GnDe)
  1141 | D:3      | Found Lega's Weapon Boutique.
  1212 | D:2      | Gained mutation: You cannot study or cast Earth magic. [Ru
                  | sacrifice]
  1212 | D:2      | Gained mutation: You cannot study or cast Alchemy magic.
                  | [Ru sacrifice]
  1212 | D:2      | Gained mutation: You cannot study or cast Conjurations
                  | magic. [Ru sacrifice]
  1212 | D:2      | Reached * piety under Ru
  1823 | D:2      | Found a runed translucent door.
  1824 | D:2      | Noticed Crazy Yiuf
  1835 | D:2      | Killed Crazy Yiuf
  1836 | D:2      | Reached skill level 8 in Stealth
  1964 | D:2      | Found a broken altar of Ashenzari.
  2081 | D:2      | Found a faded altar of an unknown god.
  2306 | D:2      | Noticed Sigmund
  2310 | D:2      | Killed Sigmund
  2311 | D:2      | Reached XP level 7. HP: 49/49 MP: 7/7
  2455 | D:3      | Found an ancient bone altar of Kikubaaqudgha.
  2478 | D:3      | Identified the +3 ring mail of Sloth {*Slow Str+3 Int+3}
  2735 | D:3      | Found a shimmering blue altar of Sif Muna.
  2984 | D:4      | Reached skill level 5 in Fighting
  3116 | D:4      | Reached skill level 9 in Stealth
  3255 | D:4      | Found an ornate altar of the Wu Jian Council.
  3256 | D:4      | Found a broken altar of Ashenzari.
  3462 | D:5      | Reached XP level 8. HP: 56/56 MP: 8/8
  3476 | D:5      | Found a snail-covered altar of Cheibriados.
  3687 | D:5      | Found a burning altar of Makhleb.
  3866 | D:5      | Gained mutation: You are somewhat unskilled. (-1 Apt) [Ru
                  | sacrifice]
  3866 | D:5      | Reduced skill Stealth to level 8
  3866 | D:5      | Reached ** piety under Ru
  4094 | D:5      | Noticed Grinder
  4099 | D:5      | Killed Grinder
  4100 | D:5      | Reached skill level 9 in Stealth
  4194 | D:5      | Reached skill level 5 in Dodging
  4307 | D:5      | Killed Duvessa
  4318 | D:6      | Killed Edmund
  4403 | D:5      | Killed Dowan
  4589 | D:5      | Reached XP level 9. HP: 35/62 MP: 9/9
  4867 | D:6      | Reached skill level 10 in Stealth
  5495 | D:7      | Killed Joseph
  5496 | D:7      | Reached skill level 5 in Short Blades
  5735 | D:7      | Found a radiant altar of Vehumet.
  6008 | D:7      | Found a runed translucent door.
  6008 | D:7      | Found a runed translucent door.
  6033 | D:7      | Noticed a cyan ugly thing
  6033 | D:7      | Noticed a cyclops
  6036 | D:7      | Identified the ring "Hets" {Fire rElec Str-4 Int+2 Dex+3}
  6036 | D:7      | Noticed a kobold demonologist
  6266 | D:7      | Found a staircase to the Ecumenical Temple.
  6373 | D:7      | Found a shimmering altar of Xom.
  6515 | D:7      | Found a runed translucent gate.
  6516 | D:7      | Found a runed translucent gate.
  6517 | D:7      | Found a runed translucent gate.
  6518 | D:7      | Noticed greynaab's ghost (novice DEBe)
  6805 | D:8      | Noticed a hornet
  6952 | D:8      | Reached skill level 11 in Stealth
  7115 | D:8      | Gained mutation: You cannot voluntarily change form. [Ru
                  | sacrifice]
  7164 | D:8      | Found a sparkling altar of Nemelex Xobeh.
  7499 | D:8      | Reached XP level 10. HP: 57/71 MP: 10/10
  7568 | D:8      | Found a staircase to the Lair.
  8275 | D:8      | Reached skill level 12 in Stealth
  8583 | D:8      | Noticed a deep elf pyromancer
  8610 | D:8      | Killed a deep elf pyromancer
  9323 | D:9      | Found a viscous altar of Jiyva.
  9644 | D:9      | Found a stormy altar of Qazlal.
  9649 | D:9      | Found a blossoming altar of Fedhas.
  9818 | D:9      | Reached XP level 11. HP: 53/78 MP: 11/11
 10326 | D:9      | Reached skill level 13 in Stealth
 10559 | D:9      | Noticed a centaur warrior
 10826 | D:10     | Entered Level 10 of the Dungeon
 10861 | D:10     | Found a hazy altar of Hepliaklqana.
 10945 | D:10     | Found a bloodstained altar of Trog.
 11235 | D:10     | Identified the +3 ring mail of Anejikhoa {Str+4 Int+2
                  | Slay-4}
 12185 | D:10     | Noticed a two-headed ogre
 12188 | D:10     | Killed a two-headed ogre
 12314 | D:11     | Identified the +0 kite shield of the Trees {Str+2}
 12359 | D:11     | Noticed a two-headed ogre
 12372 | D:11     | HP: 2/80 [two-headed ogre/+0 great mace (27)]
 12375 | D:11     | Killed a two-headed ogre
 12731 | D:11     | Noticed a cyclops
 12733 | D:11     | Killed a cyclops
 12807 | D:11     | Reached skill level 1 in Shields
 13046 | D:11     | Found an ornate altar of the Wu Jian Council.
 13311 | D:11     | Noticed a two-headed ogre
 13694 | D:11     | Noticed a cyclops
 13701 | D:11     | Killed a cyclops
 13745 | D:11     | Killed a two-headed ogre
 13982 | D:11     | Reached skill level 14 in Stealth
 14893 | D:3      | Reached XP level 12. HP: 72/87 MP: 10/12
 14922 | D:3      | Killed gdog's ghost
 15278 | D:7      | Noticed a two-headed ogre
 15294 | D:7      | Identified the amulet "Quurany" {Acrobat rF++ Dex+4}
 15747 | D:7      | Killed a two-headed ogre
 15835 | D:7      | Reached skill level 10 in Fighting
 15921 | D:7      | Identified the amulet "Foivinorgh" {RegenMP MP+9 Str+3}
 15932 | D:7      | Identified the amulet of Moral Flaws {Reflect rC+ Will-
                  | SH+5 Stlth+}
 16531 | D:8      | Paralysed by a hornet for 2 turns
 16591 | Lair:1   | Entered Level 1 of the Lair of Beasts
 17082 | Lair:1   | Reached skill level 10 in Dodging
 17088 | Lair:1   | Slain by a komodo dragon

Illustrated notes

Levels and vault maps discovered:
D:1:      dpeg_arrival_pits, layout_basic, corexii_corridor_pit
D:2:      layout_loops_ring, serial_forest, infiniplex_forest_lined_room_3,
          infiniplex_forest_zigzag_2, infiniplex_forest_lined_3_way,
          infiniplex_forest_side_room, infiniplex_forest_straight_1,
          infiniplex_forest_diagonal, infiniplex_forest_corner_1, basic_altar,
          ebering_ecumenical_altar_sacrificial, uniq_crazy_yiuf_cottage,
          uniq_sigmund
D:3:      layout_loops_ring, tgw_sif, kiku_gazebo_garden_becter,
          gammafunk_ghost_gnarly_gnolls, serial_shops, shop
D:4:      layout_rooms, good_gods_mini_temple,
          nicolae_gozag_cash_rules_everything_around_me,
          gammafunk_temple_overflow_pools
D:5:      layout_cave_pods, makhleb_heckhound_becter, overflow_temple_1_default,
          lemuel_crystal_altar, nicolae_grassy_gnolls, uniq_duvessa,
          uniq_grinder
D:6:      layout_layer_cave, mainiacjoe_overflow_alcove_2,
          mainiacjoe_overflow_concentric_impassable, uniq_edmund
D:7:      minmay_the_grid_triangle_9x9_rhombus_full
          [minmay_the_grid_triangle_9x9_corruption,
          minmay_the_grid_triangle_9x9_impossible_snake,
          minmay_the_grid_triangle_9x9_shrine,
          minmay_the_grid_triangle_9x9_zippers_horizontal,
          minmay_the_grid_triangle_9x9_sparse_checkered,
          minmay_the_grid_triangle_9x9_empty,
          minmay_the_grid_triangle_9x9_tough_junction,
          minmay_the_grid_triangle_9x9_prize_special], layout_loops_corners,
          grunt_dithmenos_shadows, fiery_altar_vehumet,
          mainiacjoe_overflow_small_starburst,
          minmay_temple_entry_drinking_statues, biasface_ghost_orc_armoury,
          nicolae_underground_beach, uniq_joseph
D:8:      kennysheep_windowed_halls, layout_loops_ring,
          overflow_temple_1_default, due_lair_maze_entry_diamond,
          nicolae_letterblocks [nicolae_letter_subblock,
          nicolae_letter_subblock, nicolae_letter_subblock,
          nicolae_letter_subblock, nicolae_letter_subblock,
          nicolae_letter_subblock, nicolae_letter_subblock,
          nicolae_letter_subblock, nicolae_letter_subblock,
          nicolae_letter_subblock, nicolae_letter_subblock,
          nicolae_letter_subblock, nicolae_letter_subblock,
          nicolae_letter_subblock, nicolae_letter_subblock,
          nicolae_letter_subblock, nicolae_letter_subblock,
          nicolae_letter_subblock, nicolae_letter_subblock,
          nicolae_letter_subblock, nicolae_letter_subblock,
          nicolae_letter_subblock, nicolae_letter_subblock,
          nicolae_letter_subblock, nicolae_letter_subblock]
D:9:      minmay_recursive_quarters, layout_stronghold,
          grunt_temple_overflow_forces_of_nature, jiyva_altar_1
D:10:     layout_roguey, nicolae_hepliaklqana_monster_ancestors,
          trog_antimagical
D:11:     layout_roguey, minmay_misc_feat_five, nzn_wu_jian_council_hall
D:12:     layout_cave_pools, orc_0_dummy
Lair:1:   layout_loops_ring, gammafunk_lair_bear_cave,
          infiniplex_staircase_pool, lemuel_fruit_fields

Skill      XL: |  1  2  3  4  5  6  7  8  9 10 11 12 |
---------------+-------------------------------------+-----
Stealth        | 7 8 9 9 11 12 14 | 14.4
Dodging        | 3 4 5 6 8 9 10 | 10.0
Short Blades   | 3 4 5 6 7 |  7.6
Fighting       | 4 5 6 7 8 9 10 | 10.3
Shields        | 1 3 |  3.0

Action                     |  1- 3 |  4- 6 |  7- 9 | 10-12 || total
---------------------------+-------+-------+-------+-------++-------
  Melee: Short sword       |     9 |    26 |       |       ||    35
         Constrict         |     3 |    14 |    34 |    69 ||   120
         Tentacles         |     2 |    15 |    62 |   215 ||   294
         Dagger            |       |    60 |   234 |   615 ||   909
         Punch             |       |     1 |     1 |    18 ||    20
         Rapier            |       |       |       |    94 ||    94
 Invoke: Sacrifice Arcana  |       |     1 |       |       ||     1
         Sacrifice Skill   |       |       |     1 |       ||     1
         Sacrifice Forms   |       |       |     1 |       ||     1
         Reject Sacrifices |       |       |       |     1 ||     1
    Use: Scroll            |       |       |    12 |     5 ||    17
         Potion            |       |       |     6 |     3 ||     9
   Stab: Sleeping          |     4 |    28 |    25 |    27 ||    84
         Distracted        |       |       |       |     7 ||     7
         Invisible         |       |       |       |     3 ||     3
 Armour: Skin              |     1 |    17 |    87 |   244 ||   349
  Dodge: Dodged            |     4 |    33 |   114 |   331 ||   482
  Block: Kite shield       |       |       |       |    87 ||    87
